 Dungeon Crawl Stone Soup version 0.28.0-47-ge53b351184 (webtiles) character file.

Game seed: 261009255635382675

7940 CryoSword the Frost Mage (level 11, 0/92 HPs)
             Began as a Ghoul Ice Elementalist on Apr 28, 2022.
             Was an Initiate of Ru.
             Slain by a boulder beetle (14 damage)
             ... on level 10 of the Dungeon.
             The game lasted 00:24:39 (11414 turns).

CryoSword the Frost Mage (Ghoul Ice Elementalist)  Turns: 11414, Time: 00:24:39

Health: 0/92       AC: 15    Str: 17    XL:     11   Next: 23%
Magic:  10/14      EV: 10    Int: 20    God:    Ru [......]
Gold:   497        SH:  9    Dex:  9    Spells: 5/16 levels left

rFire   + . .      SeeInvis .   C - +2 trident (venom)
rCold   + . .      Faith    .   D - +1 kite shield {rF+}
rNeg    + + +      Spirit   .   H - +0 steam dragon scales
rPois   ∞          Reflect  .   a - +0 helmet
rElec   .          Harm     .   e - scarf {shadows}
rCorr   .          Rampage  .   (no gloves)
Will    .....                   (no boots)
Stlth   ++........              l - amulet of magic regeneration
HPRegen 0.00/turn               r - +6 ring of strength
MPRegen 0.54/turn               B - +6 ring of intelligence

@: ice-armoured, freezing walls, inhibited regen, invisible
A: claws 1, cold resistance 1, negative energy resistance 3, inhibited
regeneration, torment resistance 2, weak 1
a: Renounce Religion


You were on level 10 of the Dungeon.
You worshipped Ru.
Ru was noncommittal.
You visited 2 branches of the dungeon, and saw 12 of its levels.
You also visited: Sewer.

You collected 497 gold pieces.

Inventory:

Hand Weapons
 w - a +1 vampiric halberd
   (You took it off a gnoll on level 2 of the Dungeon)
 C - a +2 trident of venom (weapon)
   (You took it off a gnoll sergeant on level 9 of the Dungeon)
Missiles
 c - 9 poisoned darts
 F - 12 boomerangs
Armour
 a - a +0 helmet (worn)
   (You found it on level 5 of the Dungeon)
 e - a scarf of shadows (worn)
   (You found it on level 1 of the Dungeon)
 D - a +1 kite shield of fire resistance (worn)
   (You found it on level 5 of the Dungeon)
 H - +0 steam dragon scales (worn)
   (You found it on level 10 of the Dungeon)
Jewellery
 l - an amulet of magic regeneration (around neck)
   (You found it on level 4 of the Dungeon)
 r - a +6 ring of strength (left claw)
   (You found it on level 7 of the Dungeon)
 y - a ring of fire
   (You found it on level 8 of the Dungeon)
 B - a +6 ring of intelligence (right claw)
   (You found it on level 9 of the Dungeon)
 G - a ring of see invisible
   (You found it on level 9 of the Dungeon)
Wands
 i - a wand of flame (23) (quivered)
   (You found it on level 4 of the Dungeon)
Scrolls
 d - a scroll of enchant weapon
 g - 6 scrolls of teleportation {@r4}
 k - a scroll of fear
 s - 5 scrolls of blinking
 x - a scroll of brand weapon {unknown}
 A - a scroll of acquirement {unknown}
Potions
 b - a potion of haste {unknown}
 h - a potion of resistance {unknown}
 j - a potion of berserk rage {unknown}
 m - a potion of lignification {unknown}
 n - 3 potions of flight
 o - 2 potions of cancellation
 q - a potion of attraction {!q}
 u - a potion of magic {unknown}
 z - 2 potions of curing {@q1}


   Skills:
 + Level 7.2 Fighting
 * Level 6.2 Polearms
 - Level 2.0 Dodging
 - Level 4.0 Stealth
 + Level 5.7 Shields
 - Level 3.0 Spellcasting
 + Level 3.8 Conjurations
 * Level 12.0 Ice Magic
 + Level 2.2 Air Magic


You had 5 spell levels left.
You knew the following spells:

 Your Spells              Type           Power      Damage    Failure   Level
a - Freeze                Ice            100%       1d11      1%          1
b - Frozen Ramparts       Ice            100%       1d12      1%          3
c - Ozocubu's Armour      Ice            50%        N/A       1%          3
d - Hailstorm             Conj/Ice       34%        3d9       14%         4

Your spell library contained the following spells:

 Spells                   Type           Power      Damage    Failure   Level
 Ensorcelled Hibernation  Hex/Ice        54%        N/A       4%          2
 Magic Dart               Conj           72%        1d6       8%          1
 Searing Ray              Conj           36%        2d5       12%         2
 Foxfire                  Conj/Fire      40%        2x1d6     17%         1
 Slow                     Hex            12%        N/A       36%         1
 Swiftness                Air            11%        N/A       43%         3
 Conjure Flame            Conj/Fire      10%        6-21      45%         3
 Passwall                 Tmut/Erth      2%         N/A       50%         2
 Freezing Cloud           Conj/Ice/Air   13%        6-21      65%         5
 Call Canine Familiar     Summ           3%         N/A       75%         3
 Confusing Touch          Hex            3%         N/A       75%         3
 Inner Flame              Hex/Fire       3%         N/A       75%         3
 Portal Projectile        Hex/Tloc       6%         N/A       75%         3
 Vampiric Draining        Necr           3%         2d6       75%         3
 Flame Wave               Conj/Fire      10%        2d5       86%         4
 Fulminant Prism          Conj/Hex       5%         3d7       86%         4
 Leda's Liquefaction      Hex/Erth       1%         N/A       98%         4
 Simulacrum               Ice/Necr       13%        N/A       99%         6
 Polar Vortex             Ice            25%        N/A       100%        9


Dungeon Overview and Level Annotations

Branches:
Dungeon (11/15)            Temple (1/1) D:7           Sewer (visited)
   Lair: D:8-11         Orc: D:9-12

Altars:
Cheibriados
Dithmenos
Elyvilon
Gozag
Hepliaklqana
Kikubaaqudgha
Makhleb
Okawaru
Qazlal
Ru
Sif Muna
Uskayaw
Vehumet
Zin
The Shining One


Innate Abilities, Weirdness & Mutations

You thrive by killing the living.
You are immune to poison.
You have sharp fingernails.
Your flesh is cold resistant. (rC+)
You are immune to negative energy. (rN+++)
You do not regenerate when monsters are visible.
You are immune to unholy pain and torment.
You are weak. (Str -2)


Message History

The kobold demonologist completely misses you.
The wall freezes something.
The wall freezes the kobold demonologist.
The kobold demonologist casts a cantrip, but nothing happens.
You hit the kobold demonologist.
The kobold demonologist looks as sick as possible!
The wall freezes something!
The wall freezes the kobold demonologist.
The kobold demonologist hits you but does no damage.
You puncture the kobold demonologist!
You kill the kobold demonologist!
The wall freezes something.
Reactivating autopickup.
You feel a bit more experienced.
The orc shouts!
The frozen ramparts melt away.
The walls around you are covered in ice.
The wall freezes the orc!
You kill the orc!
Your icy armour cracks and falls away as you move.
The frozen ramparts melt away as you move.
You now have 486 gold pieces (gained 10).
Items here: )) [ †.
You now have 497 gold pieces (gained 11).
Items here: )) ? [.
z - 2 potions of curing {@q1} (gained 1)
You see here a +0 hand axe.
Found a stone staircase leading down and a stone staircase leading up.
Found a leather armour.
s - 5 scrolls of blinking (gained 2)
v - a scroll of identify {@r1}
v - 2 scrolls of identify {@r1} (gained 1)
Found a scroll of vulnerability.
You see here a +0 robe.
Done exploring.
Done exploring.
As you read the scroll of identify {@r1}, it crumbles to dust.
f - 2 scrolls of noise
As you read the scroll of identify {@r1}, it crumbles to dust.
t - a potion of heal wounds You drop 2 scrolls of noise {!r}.
Done exploring.
Done exploring.
Done exploring.
You see here a +0 robe.
There is a stone staircase leading down here.
You climb downwards.
You feel a wave of frost pass over you.
There is an entrance to an ice cave on this level.
Hurry and find it before the portal melts!
The two-headed ogre shouts in stereo!
There is a stone staircase leading up here.
Unknown command.
Unknown command.
You climb upwards.
There is a stone staircase leading down here.
There is a stone staircase leading down here.
You climb downwards.
You feel a wave of frost pass over you.
There is an entrance to an ice cave on this level.
Hurry and find it before the portal melts!
The troll shouts!
The orc warrior shouts!
The orc wizard shouts!
The orc shouts!
Found a leather armour.
Found a stone staircase leading up.
There is a stone staircase leading up here.
Unknown command.
Unknown command.
The orc wizard misses you.
The orc warrior hits you with a +0 scimitar.
The mummy barely misses you.
You climb upwards.
There is a stone staircase leading down here.
The orc wizard hits you but does no damage.
The orc warrior hits you with a +0 scimitar.
The orc wizard hits you but does no damage.
The orc wizard points at you and mumbles some strange words.
The magic dart hits you.
You see here a +0 hand axe.
Items here: )) [ ÷.
The walls around you are covered in ice.
The wall freezes the orc warrior!
The orc warrior hits you with a +0 scimitar!
A film of ice covers your body!
The wall freezes the orc warrior.
You block the orc warrior's attack.
You hit the orc warrior.
The orc warrior is poisoned.
The wall freezes the orc wizard.
The orc wizard casts a spell.
The orc wizard flickers and vanishes!
Deactivating autopickup; reactivate with Ctrl-A.
The wall freezes the orc warrior.
The orc warrior hits you with a +0 scimitar.
You puncture the orc warrior!
You kill the orc warrior!
You feel better.
The wall freezes something!
The mummy resists.
The wall freezes the mummy.
The wall freezes something!
Reactivating autopickup.
You feel a bit more experienced.
Your icy armour and frozen ramparts will break if you move.
Continue?
Okay, then.
Reach: C) +2 trident (venom)
Aim: a mummy (lightly damaged, about 23% to evade your +2 trident of venom)
You reach to attack!
You hit the mummy but do no damage.
The mummy resists.
The wall freezes the mummy.
Aim: a mummy (heavily damaged)
You freeze the mummy.
The mummy resists.
Aim: a mummy (heavily damaged)
You freeze the mummy.
The mummy resists. x2; The wall freezes the mummy!
You destroy the mummy!
Your icy armour cracks and falls away as you move.
The frozen ramparts melt away as you move.
F - 12 boomerangs (gained 3)
Items here: )))) [[[ ÷ †.
Items here: )) ? [.
There is a stone staircase leading down here.
You start resting.
You climb downwards.
You feel a wave of frost pass over you.
There is an entrance to an ice cave on this level.
Hurry and find it before the portal melts!
You hear the faint crackling of a melting archway nearby.
The orc wizard shouts!
You block the orc's attack. The boulder beetle bites you!
You block the troll's attack. The troll claws you but does no damage.
The troll claws you.
Found a dagger.
There is a stone staircase leading up here.
Unknown command.
The centaur warrior zombie hits you. The centaur warrior zombie misses you.
The boulder beetle bites you! The troll barely misses you. The troll claws you!
* * * LOW HITPOINT WARNING * * *
The troll barely misses you. The orc closely misses you.
You climb upwards.
The teleport trap disappears.
The troll disappears!
There is a stone staircase leading down here.
A stone staircase leading down.
The walls around you are covered in ice.
The wall freezes the boulder beetle!
The boulder beetle bites you!!
* * * LOW HITPOINT WARNING * * *
The wall freezes the orc.
You block the orc's attack. A film of ice covers your body!
The wall freezes the orc!
You kill the orc!
The wall freezes the boulder beetle!
The boulder beetle bites you!
* * * LOW HITPOINT WARNING * * *
You feel much better.
The wall freezes the boulder beetle.
The boulder beetle bites you!
* * * LOW HITPOINT WARNING * * *
You hit the boulder beetle.
The boulder beetle is poisoned.
The wall freezes the boulder beetle!
The boulder beetle barely misses you.
Unknown command.
Here: a boulder beetle (severely wounded, very poisoned)
The floor.
You fade into invisibility!
The wall freezes the boulder beetle.
The boulder beetle bites you!
You die...

#..# #..# # #..# #..# # #.†# #..#
# #..# #..# # #..# #..# # #(.#
#..# # #..###########..# #
#####..........)B...#############
................@................
...............###############..#
...............# #..#
...............# #..#
...............# #..#
...............###############..#
.................................
........#####################....
#####...# #.###


You could see a boulder beetle (very poisoned).

Vanquished Creatures
  2 two-headed ogres (D:9)
  Pikel (D:4)
  A cyclops (D:8)
  A gargoyle (D:10)
  A kobold demonologist (D:10)
  A hornet (D:9)
  Grinder (D:5)
  Sigmund (D:4)
  6 yaks
  2 steam dragons
  An acid dragon (D:8)
  2 water moccasins
  Duvessa (D:4)
  Pargi (Sewer)
  A black bear (D:5)
  3 orc warriors
  An ice beast (D:6)
  A necrophage (D:7)
  4 centaurs
  4 ogres
  2 bullfrogs
  A gnoll sergeant (D:9)
  4 scorpions
  A water moccasin skeleton (D:5)
  Dowan (D:4)
  5 killer bees (D:8)
  3 howler monkeys (D:9)
  3 wights (D:6)
  A bullfrog zombie (D:5)
  3 hounds
  3 centaur zombies
  4 orc priests
  A jelly (D:4)
  A centaur skeleton (D:4)
  A gnoll shaman (D:5)
  5 iguanas
  6 orc wizards
  2 hound skeletons (D:4)
  A mummy (D:10)
  14 gnolls
  A howler monkey skeleton (D:7)
  9 adders
  A shadow imp (D:7)
  2 white imps (D:5)
  An ufetubus (D:6)
  2 worms
  2 dart slugs
  17 orcs
  4 endoplasms (D:4)
  5 giant cockroaches
  4 hobgoblins
  8 jackals
  3 quokkas
  2 ball pythons
  4 frilled lizards
  4 goblins
  9 kobolds
  2 rats
178 creatures vanquished.

Vanquished Creatures (others)
  10 plants
10 creatures vanquished.

Grand Total: 188 creatures vanquished

Notes
Turn   | Place    | Note
-------+----------+-------------------------------------------
     0 | D:1      | CryoSword the Ghoul Ice Elementalist began the quest for
                  | the Orb.
     0 | D:1      | Reached XP level 1. HP: 14/14 MP: 2/2
   873 | D:1      | Found a faded altar of an unknown god.
   884 | D:1      | Reached XP level 2. HP: 20/20 MP: 1/3
  1102 | D:2      | Reached skill level 5 in Ice Magic
  1139 | D:2      | Found a hazy altar of Hepliaklqana.
  1247 | D:1      | Reached XP level 3. HP: 10/26 MP: 1/4
  1887 | D:2      | Learned a level 3 spell: Frozen Ramparts
  2200 | D:2      | Reached skill level 6 in Ice Magic
  2238 | D:2      | Reached XP level 4. HP: 32/33 MP: 1/5
  2575 | D:2      | Identified the +1 ring mail of Edwof {*Slow rN+ rCorr}
  2833 | D:3      | Noticed a scorpion
  2837 | D:3      | Killed a scorpion
  2838 | D:3      | Reached skill level 1 in Fighting
  2838 | D:3      | Reached skill level 1 in Polearms
  2838 | D:3      | Reached XP level 5. HP: 35/40 MP: 1/7
  2960 | D:3      | Learned a level 3 spell: Ozocubu's Armour
  3276 | D:3      | You fall into a shaft and drop 2 floors!
  3276 | D:5      | Entered Level 5 of the Dungeon
  3290 | D:5      | Reached XP level 6. HP: 39/48 MP: 1/8
  3301 | D:5      | Reached skill level 7 in Ice Magic
  3623 | D:4      | Noticed Sigmund
  3636 | D:4      | Killed Sigmund
  3637 | D:4      | Reached XP level 7. HP: 52/56 MP: 3/9
  4319 | D:4      | Reached skill level 8 in Ice Magic
  4582 | D:4      | Noticed Pikel
  4605 | D:4      | Killed Pikel
  4606 | D:4      | Reached skill level 9 in Ice Magic
  4606 | D:4      | Reached XP level 8. HP: 64/67 MP: 3/10
  4687 | D:4      | Noticed Dowan
  4688 | D:4      | Noticed Duvessa
  4706 | D:4      | Killed Duvessa
  4718 | D:4      | Killed Dowan
  5251 | D:5      | Reached skill level 5 in Fighting
  5252 | D:5      | Reached skill level 10 in Ice Magic
  5304 | D:5      | Reached XP level 9. HP: 69/74 MP: 8/11
  5985 | D:5      | Noticed Grinder
  5990 | D:5      | Paralysed by Grinder for 7 turns
  6020 | D:5      | Killed Grinder
  6363 | D:5      | Reached skill level 5 in Polearms
  6615 | D:5      | Learned a level 4 spell: Hailstorm
  6726 | D:6      | HP: 2/75 [wight/+0 morningstar (10)]
  7032 | D:6      | Reached skill level 1 in Conjurations
  7051 | D:6      | Found a glowing drain.
  7081 | Sewer    | Entered a sewer
  7223 | Sewer    | Noticed Pargi
  7229 | Sewer    | Killed Pargi
  7517 | D:6      | Reached skill level 11 in Ice Magic
  7969 | D:7      | Found a staircase to the Ecumenical Temple.
  7980 | Temple   | Entered the Ecumenical Temple
  8218 | Temple   | Became a worshipper of Ru the Awakened
  8432 | D:7      | Reached XP level 10. HP: 24/84 MP: 6/12
  9122 | D:8      | Noticed a cyclops
  9127 | D:8      | Killed a cyclops
  9180 | D:8      | Reached skill level 1 in Air Magic
  9565 | D:9      | Gained mutation: You are weak. (Str -2) [Ru sacrifice]
  9858 | D:9      | Reached skill level 1 in Shields
 10069 | D:9      | Noticed a two-headed ogre
 10101 | D:9      | Identified the +5 ring mail "Enic" {rC- Will+ Dex+4}
 10140 | D:9      | Noticed a two-headed ogre
 10148 | D:9      | Killed a two-headed ogre
 10413 | D:9      | Found a shimmering blue altar of Sif Muna.
 10447 | D:9      | Killed a two-headed ogre
 10448 | D:9      | Reached skill level 5 in Shields
 10590 | D:10     | Entered Level 10 of the Dungeon
 10629 | D:9      | Reached XP level 11. HP: 92/92 MP: 10/14
 10755 | D:10     | Reached skill level 12 in Ice Magic
 11293 | D:11     | Noticed a two-headed ogre
 11294 | D:11     | Noticed a boulder beetle
 11304 | D:11     | Noticed a boulder beetle
 11414 | D:10     | Slain by a boulder beetle

Illustrated notes

Levels and vault maps discovered:
D:1:      dpeg_arrival_solitude, layout_basic,
          hellmonk_ecumenical_altar_crossroads
D:2:      layout_rooms, basic_altar
D:3:      layout_loops_ring, serial_shops, nicolae_shop_trees,
          saegor_snake_ambush
D:4:      layout_layer_cave, amethyst_killhole, uniq_duvessa, uniq_pikel,
          uniq_sigmund
D:5:      layout_basic, serial_bayou, serial_bayou_ford_a, serial_bayou_shore_b,
          serial_bayou_shore_a, serial_bayou_crossing, roderic_serpentine_path,
          uniq_grinder
D:6:      layout_cave_pools, gup_sewer_entry_glass, minivault_27
D:7:      layout_gridville, minmay_temple_entry_glassed_door,
          kennysheep_generic_room_7
D:8:      layout_basic
D:9:      layout_stronghold, mainiacjoe_overflow_swirl
D:10:     layout_long_grid
D:11:     layout_roguey, dpeg_lair_monsters, orc_0_dummy, serial_undead,
          serial_undead_a, serial_undead_d, serial_undead_b, serial_undead_c,
          portal_ice_cave_entry_imps, minivault_16,
          chequers_hall_statues_corner_a, uniq_urug, uniq_maurice
Temple:   mainiacjoe_temple_big_plus

Skill      XL: |  1  2  3  4  5  6  7  8  9 10 11 |
---------------+----------------------------------+-----
Ice Magic      | 5 6 7 9 10 11 12 | 12.0
Fighting       | 1 2 4 5 6 7 |  7.2
Polearms       | 1 2 3 4 5 6 |  6.2
Dodging        | 2 |  2.0
Spellcasting   | 2 3 |  3.0
Conjurations   | 2 3 |  3.8
Stealth        | 3 4 |  4.0
Air Magic      | 1 2 |  2.2
Shields        | 5 |  5.7

Action                   |  1- 3 |  4- 6 |  7- 9 | 10-12 || total
-------------------------+-------+-------+-------+-------++-------
Melee: Unarmed           |    10 |     3 |       |       ||    13
       Halberd           |       |    66 |   217 |    41 ||   324
       Trident           |       |       |       |    62 ||    62
 Cast: Freeze            |    42 |    20 |    14 |     4 ||    80
       Frozen Ramparts   |       |     6 |    34 |    19 ||    59
       Ozocubu's Armour  |       |     2 |    24 |    17 ||    43
Invok: Sacrifice Purity  |       |       |       |     1 ||     1
Evoke: Wand              |       |       |    13 |       ||    13
  Use: Potion            |     1 |       |     3 |     2 ||     6
       Scroll            |       |     2 |     6 |     6 ||    14
 Stab: Sleeping          |       |     3 |     7 |     4 ||    14
       Distracted        |       |       |     1 |       ||     1
Armor: Robe              |     7 |    21 |    53 |       ||    81
       Troll leather arm |       |       |    25 |    49 ||    74
       Steam dragon scal |       |       |       |     5 ||     5
Dodge: Dodged            |    30 |    81 |   158 |    59 ||   328
Block: Kite shield       |       |       |       |    25 ||    25
